 Dungeon Crawl Stone Soup version 0.24-a0-335-g06ca16a (webtiles) character file.

Game seed: 3284281302947984909

60678 Firecrotchwizard the Severer (level 15, 0/138 HPs)
             Began as a Hill Orc Monk on May 20, 2019.
             Was the Champion of Beogh.
             Killed from afar by Aizul (24 damage)
             ... with a bolt of poison
             ... on level 1 of the Shoals.
             The game lasted 00:57:14 (23372 turns).

Firecrotchwizard the Severer (Hill Orc Monk)       Turns: 23372, Time: 00:57:14

Health: 0/138      AC: 22    Str: 26    XL:     15   Next: 0%
Magic:  18/25      EV: 13    Int: 12    God:    Beogh [******]
Gold:   2206       SH:  0    Dex: 13    Spells: 14/14 levels left

rFire    . . .     SeeInvis +   y - +3 battleaxe (freeze)
rCold    . . .     Gourm    .   (shield currently unavailable)
rNeg     . . .     Faith    .   X - +0 plate armour
rPois    .         Spirit   .   l - +3 crown of Dyrovepreva {rElec Int+2 SInv}
rElec    +         Reflect  +   i - scarf {cloud immunity}
rCorr    .         Harm     .   T - +0 pair of gloves
MR       +....                  e - +1 pair of boots
Stlth    ..........             m - +5 amulet of reflection
HPRegen  0.33/turn              K - +4 ring of evasion
MPRegen  0.19/turn              u - +5 ring of strength

@: lethally poisoned (0 -> -50), sleeping
A: walk on water
a: Smiting, Recall Orcish Followers, Give Item to Named Follower, Resurrection,
Renounce Religion


You were on level 1 of the Shoals.
You worshipped Beogh.
Beogh was exalted by your worship.
You were not hungry.

You visited 3 branches of the dungeon, and saw 21 of its levels.
You also visited: Bailey.

You collected 2361 gold pieces.
You spent 155 gold pieces at shops.

Inventory:

Hand Weapons
 y - a +3 battleaxe of freezing (weapon)
   (You took it off a wight on level 10 of the Dungeon)
Missiles
 C - 8 javelins (quivered)
 E - 3 throwing nets {=f, !d}
Armour
 e - a +1 pair of boots (worn)
   (You found it on level 4 of the Dungeon)
 i - a scarf of cloud immunity (worn)
   (You found it on level 7 of the Dungeon)
 l - the +3 crown of Dyrovepreva (worn) {rElec Int+2 SInv}
   (You found it in a bailey)

   It affects your intelligence (+2).
   It insulates you from electricity.
   It lets you see invisible.
 T - a +0 pair of gloves (worn)
   (You found it on level 9 of the Dungeon)
 X - a +0 plate armour (worn)
   (You found it on level 2 of the Lair of Beasts)
Jewellery
 f - an uncursed ring of poison resistance {rPois, !d}
   (You found it on level 1 of the Dungeon)
 m - a +5 amulet of reflection (around neck)
   (You took it off a hobgoblin on level 2 of the Dungeon)
 s - an uncursed ring of positive energy {rN+}
   (You found it on level 3 of the Dungeon)
 t - an uncursed ring of stealth {Stlth+}
   (You found it on level 3 of the Dungeon)
 u - a +5 ring of strength (right hand)
   (You found it on level 13 of the Dungeon)
 F - an uncursed ring of flight {+Fly, !d}
   (You found it on level 6 of the Dungeon)
 H - an uncursed ring of resist corrosion
   (You found it on level 6 of the Dungeon)
 I - an uncursed ring of see invisible {sInv, !d}
   (You found it on level 13 of the Dungeon)
 K - a +4 ring of evasion (left hand)
   (You found it on level 14 of the Dungeon)
 V - an uncursed ring of protection from cold {rC+, !d}
   (You found it on level 2 of the Lair of Beasts)
Wands
 b - a wand of iceblast (8)
   (You found it on level 6 of the Dungeon)
 x - a wand of flame (12)
   (You took it off a hobgoblin on level 5 of the Dungeon)
 J - a wand of random effects (77)
   (You found it on level 6 of the Dungeon)
 N - a wand of disintegration (18)
   (You found it on level 4 of the Lair of Beasts)
 P - a wand of polymorph (42)
   (You found it on level 1 of the Lair of Beasts)
 S - a wand of paralysis (10)
   (You found it on level 1 of the Lair of Beasts)
Scrolls
 d - 9 scrolls of teleportation
 k - 4 scrolls of magic mapping {!r}
 n - 3 scrolls of identify
 q - 4 scrolls of fog
 L - 3 scrolls of amnesia
 M - a scroll of brand weapon
 Q - 10 scrolls of remove curse
 U - a scroll of enchant weapon
 W - 2 scrolls of vulnerability {!r!r}
 Y - a scroll of fear
 Z - 4 scrolls of blinking {!r}
Potions
 g - 3 potions of agility
 h - 5 potions of haste
 j - 3 potions of mutation {!q}
 o - 2 potions of magic
 p - 6 potions of lignification {!q}
 r - 8 potions of curing
 v - 2 potions of heal wounds
 w - a potion of resistance
 z - 3 potions of ambrosia
 A - 2 potions of invisibility
 B - 10 potions of flight
 D - a potion of berserk rage {!q}
 G - 5 potions of brilliance
 R - 2 potions of might
Comestibles
 a - 3 chunks of flesh {@w0}
 c - 49 rations


   Skills:
 + Level 14.1 Fighting
 * Level 20.0 Axes
 + Level 12.6 Armour
 - Level 2.4 Dodging
 - Level 1.5 Stealth
 + Level 14.2 Invocations


You had 14 spell levels left.
You didn't know any spells.
Your spell library contained the following spells:

 Spells                   Type           Power        Failure   Level  Hunger
 Corona                   Hex            #......      95%         1    ##.....
 Flame Tongue             Conj/Fire      #....        95%         1    ##.....
 Freeze                   Ice            #...         95%         1    ##.....
 Infusion                 Chrm           #...         95%         1    ##.....
 Magic Dart               Conj           #...         95%         1    ##.....
 Sandblast                Erth           #.....       95%         1    ##.....
 Blink                    Tloc           N/A          98%         2    ###....
 Call Imp                 Summ           #.......     98%         2    ###....
 Corpse Rot               Necr           N/A          98%         2    ###....
 Passwall                 Tmut/Erth      #.......     98%         2    ###....
 Poisonous Vapours        Pois/Air       #.....       98%         2    ###....
 Shroud of Golubria       Chrm/Tloc      #.........   98%         2    ###....
 Slow                     Hex            #.......     98%         2    ###....
 Song of Slaying          Chrm           #.......     98%         2    ###....
 Sublimation of Blood     Necr           #.........   98%         2    ###....
 Throw Flame              Conj/Fire      #.....       98%         2    ###....
 Conjure Flame            Conj/Fire      #.......     100%        3    ####...
 Gell's Gravitas          Tloc           #.........   100%        3    ####...
 Inner Flame              Hex/Fire       #.......     100%        3    ####...
 Mephitic Cloud           Conj/Pois/Air  #.......     100%        3    ####...
 Ozocubu's Armour         Chrm/Ice       #.......     100%        3    ####...
 Portal Projectile        Hex/Tloc       #.....       100%        3    ####...
 Regeneration             Chrm/Necr      #.........   100%        3    ####...
 Spectral Weapon          Hex/Chrm       #.......     100%        3    ####...
 Stone Arrow              Conj/Erth      #.....       100%        3    ####...
 Cause Fear               Hex            #.........   100%        4    #####..
 Force Lance              Conj/Tloc      #.......     100%        4    #####..
 Leda's Liquefaction      Hex/Erth       #.........   100%        4    #####..
 Petrify                  Tmut/Erth      #.......     100%        4    #####..
 Sticky Flame             Conj/Fire      #.......     100%        4    #####..
 Agony                    Necr           #.......     100%        5    ######.
 Bolt of Draining         Conj/Necr      #.........   100%        5    ######.
 Bolt of Magma            Conj/Fire/Erth #.........   100%        5    ######.
 Dispel Undead            Necr           #.......     100%        5    ######.
 Excruciating Wounds      Chrm/Necr      #.........   100%        5    ######.
 Fireball                 Conj/Fire      #.........   100%        5    ######.
 Iskenderun's Battlesphe  Conj/Chrm      #.......     100%        5    ######.
 Lee's Rapid Deconstruct  Erth           #.........   100%        5    ######.
 Silence                  Hex/Air        #.........   100%        5    ######.
 Venom Bolt               Conj/Pois      #.........   100%        5    ######.
 Yara's Violent Unravell  Hex/Tmut       #.........   100%        5    ######.
 Bolt of Cold             Conj/Ice       #.........   100%        6    #######
 Deflect Missiles         Chrm/Air       #.........   100%        6    #######
 Dispersal                Tloc           #.........   100%        6    #######
 Iron Shot                Conj/Erth      #.........   100%        6    #######
 Ozocubu's Refrigeration  Ice            #.........   100%        6    #######
 Orb of Destruction       Conj           #.........   100%        7    #######
 Spellforged Servitor     Conj/Summ      #.........   100%        7    #######
 Controlled Blink         Tloc           N/A          100%        8    #######
 Discord                  Hex            #.........   100%        8    #######
 Disjunction              Tloc           #.........   100%        8    #######


Dungeon Overview and Level Annotations

Branches:
Dungeon (14/15)            Temple (0/1) D:6            Lair (6/6) D:10
 Shoals (1/4) Lair:4        Snake (0/4) Lair:4        Slime (0/5) Lair:6
    Orc (0/2) D:12         Vaults (0/5) D:14

Altars:
Dithmenos
Elyvilon
Hepliaklqana
Kikubaaqudgha
Makhleb
Nemelex Xobeh
Okawaru
Qazlal
Sif Muna
Trog
Uskayaw
Vehumet
Wu Jian
Xom
Yredelemnul
Jiyva

Shops:
D:10 =   D:11 *=!   D:13 *

Annotations:
Lair:2 1 runed translucent door, Tissoiha's ghost, journeyman DrWn
Shoals:1 Aizul


Message History

The merfolk hits you from afar with a +0 trident.
The merfolk hits you but does no damage.
You slash the merfolk! You freeze the merfolk. You slice the plant!!
You freeze the plant! You hit the plant. You freeze the plant.
You slash the plant! You freeze the plant. You closely miss the merfolk.
You slash the plant! You freeze the plant. You slash the plant!
You freeze the plant! You hit the plant but do no damage.
The merfolk hits you with a +0 trident.
You take 5 damage, and have 119/132 hp.
You closely miss the merfolk. You slash the plant! You freeze the plant.
You slice the plant!! You freeze the plant.
You destroy the plant!
You hit the plant but do no damage.
The merfolk hits you but does no damage.
You carve the merfolk like a ham!!! You freeze the merfolk!
You kill the merfolk!
Beogh accepts your kill.
You hear a splash. x2
You have reached level 15!
Your experience leads to an increase in your attributes!
Your base attributes are Str 19, Int 10, Dex 13.
Increase (S)trength, (I)ntelligence, or (D)exterity?
You feel stronger. x2
You slash the plant! You freeze the plant.
You destroy the plant!
You hit the plant. You freeze the plant.
You regained 5 hp, and now have 125/138 hp.
MP restored: 25
Things that are here:
a +0 trident; 5 boomerangs Aizul the Neglectful Guardian comes into view.
Aizul shouts!
Okay, then.
Smite: Aizul You smite Aizul!
Aizul coils herself and waves her upper body at you.
The bolt of poison hits you!
You are poisoned.
You take 8 damage, and have 119/138 hp.
You now have 22/25 mp.
Aim: Aizul (lightly wounded)
The bolt of acid hits Aizul!
Aizul is splashed with acid.
The acid corrodes Aizul!
You feel sick.
Aizul coils herself and waves her upper body at you.
The poison arrow misses you.
Aim: Aizul (moderately wounded, covered in acid)
The bolt of acid misses Aizul.
The now-empty wand crumbles to dust.
You feel sick.
You take 1 damage, and have 118/138 hp.
Smite: Aizul (moderately wounded, covered in acid)
You smite Aizul!
You feel sick.
You take 1 damage, and have 117/138 hp.
You now have 19/25 mp.
Smite: Aizul (heavily wounded, covered in acid)
You smite Aizul!
You feel sick. Aizul casts a spell at you.
You fall asleep.
You feel sick.
Aizul coils herself and waves her upper body at you.
The bolt of poison hits you!!
You are more poisoned.
You wake up.
You take 24 damage, and have 93/138 hp.
You now have 17/25 mp.
You closely miss Aizul.
You feel sick. You block Aizul's attack.
You take 1 damage, and have 92/138 hp.
You hit Aizul. You freeze Aizul.
You feel sick. Aizul hits you.
You take 8 damage, and have 84/138 hp.
You miss Aizul.
You feel sick.
Aizul hisses menacingly.
Aizul hits you.
You take 5 damage, and have 79/138 hp.
You miss Aizul.
You feel sick. Aizul hits you!
You take 14 damage, and have 65/138 hp.
You barely miss Aizul.
You feel sick.
Aizul is no longer covered in acid.
Aizul hits you!
Aizul coils herself and waves her upper body at you.
The bolt of poison hits you!
You are more poisoned.
* * * LOW HITPOINT WARNING * * *
You take 27 damage, and have 38/138 hp.
You miss Aizul.
You feel sick. You block Aizul's attack.
You take 2 damage, and have 36/138 hp.
Unknown command.
You miss Aizul.
* * * LOW HITPOINT WARNING * * *
You feel very sick.
Aizul yawns, and then pretends she didn't.
Aizul hits you.
* * * LOW HITPOINT WARNING * * *
You take 8 damage, and have 28/138 hp.
You miss Aizul.
* * * LOW HITPOINT WARNING * * *
You feel sick. Aizul casts a spell at you.
You fall asleep.
* * * LOW HITPOINT WARNING * * *
You feel very sick.
Aizul winks several times.
Aizul casts a spell at you. The bolt of poison hits you!!
You are more poisoned.
You die...

.≈≈≈≈≈≈≈≈≈≈≈≈≈≈ #
#..≈≈≈≈≈≈≈≈≈≈≈≈≈ # ..
#..≈≈≈≈≈≈≈≈≈≈≈≈≈ ###...
.##.≈≈.≈≈≈≈≈≈≈≈≈≈≈ ......
..≈≈≈≈≈≈≈≈≈≈≈≈≈≈≈≈≈ .....≈≈
..≈≈≈≈.≈≈≈≈≈≈≈≈≈≈≈≈ ≈.....≈
≈≈≈≈≈≈≈≈≈≈≈≈≈≈≈≈≈≈≈ ≈≈....≈
≈≈≈≈≈≈S@≈≈.P≈≈P≈≈≈≈ ....≈≈≈
≈≈≈≈≈≈...≈.P≈≈≈≈≈≈≈ ≈.....≈
≈≈≈≈≈≈.#.≈≈≈PP≈≈≈≈≈ ......≈
≈≈≈≈≈≈...≈≈≈≈≈≈≈≈≈≈ ......≈
≈≈≈≈≈≈≈≈PP≈)≈PP≈≈≈≈
.......≈≈≈≈≈≈≈≈≈.PPP≈≈≈≈≈≈≈≈
...≈≈≈≈≈≈≈≈≈≈≈≈≈≈PP≈≈≈PP≈≈≈≈
...≈≈≈≈≈≈≈≈≈≈≈≈≈≈≈≈≈≈P≈P≈≈≈≈
≈≈..≈≈≈≈≈≈....≈≈≈≈≈≈≈≈P≈≈≈≈≈


You could see Aizul.

Vanquished Creatures
  A fire dragon (Lair:6)
  A great orb of eyes (Lair:6)
  3 vault guards (D:14)
  2 hydras
  A centaur warrior (D:12)
  A two-headed ogre (D:13)
  Sonja (Lair:6)
  An unseen horror (D:14)
  13 slime creatures
  An unseen horror (shapeshifter) (D:14)
  A lindwurm (Lair:6)
  A cyclops (D:12)
  2 manticores (Shoals:1)
  4 ugly things
  4 black mambas (Lair:1)
  A gargoyle (D:13)
  2 centaur skeletons
  5 spiny frogs
  A rime drake (Lair:6)
  A komodo dragon (Lair:6)
  A polar bear (Lair:3)
  A merfolk (Shoals:1)
  A troll (D:14)
  7 blink frogs
  3 hippogriffs (D:14)
  Prince Ribbit (Lair:1)
  A snapping turtle (Shoals:1)
  A vampire (D:13)
  A hog (D:7)
  10 yaks
  3 hungry ghosts
  A basilisk (Lair:6)
  2 vampire mosquitoes (D:13)
  Menkaure (D:5)
  An acid dragon (D:12)
  A hell hound (Lair:6)
  3 ice beasts
  7 water moccasins
  5 porcupines
  5 phantoms
  A sky beast (D:11)
  8 black bears
  2 wolves (Lair:4)
  3 centaurs
  2 necrophages
  2 eyes of draining (D:13)
  5 ogres
  4 crocodiles
  2 big kobolds
  6 bullfrogs
  2 scorpions
  3 troll zombies (D:12)
  5 killer bees (D:11)
  2 wights (D:14)
  4 electric eels
  A crimson imp (D:9)
  A lava snake (Lair:6)
  A centaur zombie (D:6)
  2 hounds
  8 jellies
  Jessica (D:2)
  2 orc wizards
  5 worker ants
  2 ogre zombies (D:12)
  A hound zombie (D:6)
  11 gnolls
  14 adders
  A shadow imp (D:6)
  3 oozes
  An adder skeleton (D:4)
  An adder zombie (D:8)
  2 worms
  A dart slug (D:1)
  A leopard gecko (D:2)
  13 orcs
  5 giant cockroaches
  7 goblins
  11 hobgoblins
  12 jackals
  3 quokkas
  4 bats
  3 frilled lizards
  A goblin skeleton (D:12)
  A goblin zombie (D:12)
  A hobgoblin skeleton (D:12)
  32 kobolds
  An orc skeleton (D:12)
  8 orc zombies (D:12)
  A rat (D:2)
  4 fungi
  7 plants
327 creatures vanquished.

Vanquished Creatures (collateral kills)
  Rupert (Lair:4)
  Gastronok (Lair:1)
  An azure jelly (Lair:6)
  2 death oozes (Lair:6)
  Snorg (Lair:5)
  3 great orbs of eyes (Lair:6)
  5 vault guards (D:14)
  7 hydras
  A centaur warrior (D:13)
  An ogre mage (D:14)
  6 two-headed ogres
  An orc knight (Bailey)
  2 ugly things
  A centaur zombie (D:11)
  Joseph (D:7)
  4 black mambas
  4 centaur skeletons
  5 spiny frogs
  3 molten gargoyles (Lair:6)
  3 rime drakes
  8 komodo dragons
  6 polar bears
  7 slime creatures
  4 hippogriffs
  16 blink frogs
  A snapping turtle (Lair:4)
  3 wyverns
  23 yaks
  A human (D:7)
  3 steam dragons (Lair:6)
  2 basilisks (Lair:6)
  3 hogs (D:7)
  A hungry ghost (D:12)
  2 two-headed ogre zombies (D:12)
  An acid dragon (D:11)
  7 water moccasins
  3 hell hounds (Lair:6)
  3 black bears (Lair:3)
  5 porcupines
  5 ice beasts
  A phantom (D:12)
  An orc warrior (D:6)
  2 sky beasts
  2 eyes of draining
  A centaur (D:7)
  3 wolves (Lair:4)
  5 ogres
  6 crocodiles
  A big kobold (D:7)
  A wyvern zombie (D:10)
  9 bullfrogs
  A troll zombie (D:12)
  6 wights
  3 lava snakes (Lair:6)
  3 crimson imps
  3 hounds
  An orc priest (D:6)
  A bullfrog skeleton (D:6)
  3 jellies
  An orc wizard (D:6)
  2 iguanas
  4 worker ants
  2 hound skeletons
  2 worker ant zombies (D:7)
  5 gnolls
  An adder (D:11)
  A shadow imp (D:12)
  4 oozes (Lair:6)
  An adder zombie (D:7)
  A leopard gecko (D:10)
  6 orcs
  A hobgoblin (Bailey)
  2 jackals (D:7)
  2 goblin zombies (D:12)
  A hobgoblin skeleton (D:12)
  A hobgoblin zombie (D:12)
  4 kobolds
  A leopard gecko zombie (D:7)
  9 orc zombies (D:12)
  A bush (Lair:2)
  5 butterflies
  17 fungi
  23 plants
307 creatures vanquished.

Vanquished Creatures (others)
  An orc knight (Lair:6)
  2 orc warriors (Bailey)
  A lava snake (Lair:6)
  2 orc priests (D:3)
  2 orc wizards
  An adder zombie (D:8)
  A leopard gecko (D:3)
  12 orcs
  A fungus (Lair:1)
  4 plants (Lair:1)
27 creatures vanquished.

Grand Total: 661 creatures vanquished

Notes
Turn   | Place    | Note
-------+----------+-------------------------------------------
     0 | D:1      | Firecrotchwizard the Hill Orc Monk began the quest for the
                  | Orb.
     0 | D:1      | Reached XP level 1. HP: 19/19 MP: 1/1
   574 | D:1      | Reached XP level 2. HP: 27/27 MP: 2/2
  1074 | D:1      | Reached skill level 1 in Armour
  1209 | D:3      | Reached skill level 4 in Fighting
  1227 | D:3      | Reached XP level 3. HP: 33/33 MP: 3/3
  1378 | D:3      | Reached skill level 5 in Axes
  1622 | D:3      | Became a worshipper of Beogh the Brigand
  1622 | D:3      | Reached * piety under Beogh
  1622 | D:3      | Reached ** piety under Beogh
  1624 | D:3      | Noticed a bullfrog
  1724 | D:2      | Reached XP level 4. HP: 40/40 MP: 4/4
  1857 | D:2      | Noticed Jessica
  1867 | D:2      | Killed Jessica
  1867 | D:2      | Reached skill level 2 in Armour
  2326 | D:2      | Reached XP level 5. HP: 35/47 MP: 5/5
  2555 | D:3      | Reached skill level 6 in Axes
  2977 | D:4      | Found a shadowy altar of Dithmenos.
  3013 | D:4      | Reached XP level 6. HP: 55/55 MP: 6/6
  3047 | D:4      | Reached skill level 5 in Fighting
  3157 | D:4      | Reached skill level 3 in Armour
  3182 | D:4      | Noticed a phantom
  3204 | D:4      | Killed a phantom
  3204 | D:4      | Reached skill level 7 in Axes
  3204 | D:4      | Reached skill level 1 in Invocations
  3423 | D:4      | Reached *** piety under Beogh
  3672 | D:4      | Found a white marble altar of Elyvilon.
  3696 | D:5      | Entered Level 5 of the Dungeon
  3699 | D:5      | Found a radiant altar of Vehumet.
  3707 | D:5      | Reached skill level 2 in Invocations
  3707 | D:5      | Reached XP level 7. HP: 55/61 MP: 8/8
  3759 | D:5      | Reached skill level 8 in Axes
  4190 | D:5      | Found an ornate altar of the Wu Jian Council.
  4212 | D:5      | Found a hide-covered altar of Uskayaw.
  4254 | D:5      | Noticed Menkaure
  4256 | D:5      | Killed Menkaure
  4256 | D:5      | Reached skill level 6 in Fighting
  4256 | D:5      | Reached skill level 4 in Armour
  4256 | D:5      | Reached skill level 3 in Invocations
  4314 | D:5      | Found a stormy altar of Qazlal.
  4509 | D:5      | Found a hazy altar of Hepliaklqana.
  4564 | D:6      | Reached XP level 8. HP: 70/70 MP: 10/10
  4640 | D:6      | Found a shadowy altar of Dithmenos.
  4667 | D:6      | Reached skill level 9 in Axes
  4768 | D:6      | Reached skill level 4 in Invocations
  4938 | D:6      | Found a staircase to the Ecumenical Temple.
  5588 | D:7      | Noticed Joseph
  5595 | D:7      | Killed Joseph
  5595 | D:7      | Reached skill level 10 in Axes
  5595 | D:7      | Reached skill level 5 in Armour
  5707 | D:7      | Reached skill level 7 in Fighting
  5707 | D:7      | Reached skill level 5 in Invocations
  5831 | D:7      | Reached XP level 9. HP: 79/79 MP: 12/12
  6006 | D:7      | Found a basalt altar of Yredelemnul.
  6062 | D:7      | Reached skill level 11 in Axes
  6062 | D:7      | Reached skill level 6 in Invocations
  6063 | D:7      | Found an iron altar of Okawaru.
  6129 | D:7      | Reached skill level 6 in Armour
  6353 | D:7      | Found a burning altar of Makhleb.
  6671 | D:7      | Reached skill level 8 in Fighting
  6871 | D:7      | Reached **** piety under Beogh
  6951 | D:8      | Found a sparkling altar of Nemelex Xobeh.
  6952 | D:8      | Found an ancient bone altar of Kikubaaqudgha.
  6952 | D:8      | Found a shimmering altar of Xom.
  7168 | D:8      | Found a burning altar of Makhleb.
  7202 | D:8      | Found an iron altar of Okawaru.
  7264 | D:8      | Reached skill level 7 in Invocations
  7316 | D:8      | Reached skill level 12 in Axes
  7509 | D:8      | Found a bloodstained altar of Trog.
  7593 | D:9      | Reached XP level 10. HP: 39/89 MP: 15/15
  7968 | D:9      | Noticed a two-headed ogre
  7975 | D:9      | Killed a two-headed ogre
  7975 | D:9      | Reached skill level 7 in Armour
  8179 | D:9      | Found a deep blue altar of Sif Muna.
  8891 | D:9      | Reached skill level 9 in Fighting
  9026 | D:10     | Entered Level 10 of the Dungeon
  9077 | D:10     | Reached skill level 8 in Invocations
  9086 | D:10     | Gained Morguth as an ally
  9092 | D:10     | Gained Hilgar as an ally
  9237 | D:10     | Found Voip's Jewellery Emporium.
  9238 | D:10     | Reached skill level 13 in Axes
  9244 | D:10     | Gained Beowulf as an ally
  9284 | D:10     | Found a staircase to the Lair.
  9549 | Lair:1   | Entered Level 1 of the Lair of Beasts
  9549 | Lair:1   | Noticed Urug
  9696 | Lair:1   | Noticed Gastronok
  9703 | Lair:1   | Killed Gastronok
  9726 | Lair:1   | Noticed a four-headed hydra
  9732 | Lair:1   | Killed a five-headed hydra
  9732 | Lair:1   | Reached skill level 8 in Armour
  9732 | Lair:1   | Reached XP level 11. HP: 89/97 MP: 17/17
  9813 | Lair:1   | Noticed Prince Ribbit
  9817 | Lair:1   | Killed Prince Ribbit
  9817 | Lair:1   | Reached skill level 9 in Invocations
  9822 | Lair:1   | Reached skill level 14 in Axes
 10024 | Lair:1   | Reached skill level 10 in Fighting
 10836 | Lair:1   | Found the +8 whip "Snakebite" {curare, rPois}
 11071 | Lair:2   | Noticed a six-headed hydra
 11077 | Lair:2   | Killed an 11-headed hydra
 11209 | Lair:2   | Identified the Collected Works on Freezing Feathers
 11265 | Lair:2   | Reached skill level 10 in Invocations
 11393 | Lair:2   | Reached skill level 15 in Axes
 11393 | Lair:2   | Reached skill level 9 in Armour
 11757 | Lair:2   | Found a runed translucent door.
 11757 | Lair:2   | Noticed Tissoiha's ghost (journeyman DrWn)
 11884 | Lair:3   | Noticed a four-headed hydra
 11889 | Lair:3   | Killed a five-headed hydra
 11976 | Lair:3   | Reached XP level 12. HP: 84/108 MP: 19/19
 12199 | Lair:3   | Reached skill level 11 in Fighting
 13236 | Lair:4   | Found a staircase to the Snake Pit.
 13244 | Lair:4   | Reached skill level 16 in Axes
 13250 | Lair:4   | Reached skill level 11 in Invocations
 13543 | Lair:4   | Reached ***** piety under Beogh
 13543 | Lair:4   | Reached skill level 10 in Armour
 13555 | Lair:4   | Gained Orkrul as an ally
 13743 | Lair:4   | Noticed Rupert
 13751 | Lair:4   | Killed Rupert
 14077 | Lair:4   | Found a staircase to the Shoals.
 14304 | Lair:5   | Noticed a five-headed hydra
 14310 | Lair:5   | Killed a six-headed hydra
 14312 | Lair:5   | Reached skill level 17 in Axes
 14312 | Lair:5   | Reached XP level 13. HP: 81/117 MP: 21/21
 14319 | Lair:5   | Reached skill level 12 in Fighting
 14806 | Lair:5   | Noticed Snorg
 14818 | Lair:5   | Killed Snorg
 14818 | Lair:5   | Reached skill level 12 in Invocations
 15411 | Lair:6   | Entered Level 6 of the Lair of Beasts
 15497 | Lair:6   | Noticed Sonja
 15499 | Lair:6   | Killed Sonja
 15823 | Lair:6   | Found a viscous altar of Jiyva.
 15823 | Lair:6   | Found a staircase to the Slime Pits.
 15958 | Lair:6   | Noticed a great orb of eyes
 15959 | Lair:6   | Found a viscous altar of Jiyva.
 15959 | Lair:6   | Noticed a death ooze
 15961 | Lair:6   | Noticed a great orb of eyes
 15963 | Lair:6   | Killed a great orb of eyes
 15964 | Lair:6   | Noticed a great orb of eyes
 15964 | Lair:6   | Noticed a death ooze
 15964 | Lair:6   | Killed a death ooze
 15967 | Lair:6   | Noticed an azure jelly
 15967 | Lair:6   | Killed a great orb of eyes
 15967 | Lair:6   | Reached skill level 11 in Armour
 15968 | Lair:6   | Killed a death ooze
 15969 | Lair:6   | Noticed a great orb of eyes
 15976 | Lair:6   | Killed an azure jelly
 15977 | Lair:6   | Killed a great orb of eyes
 15989 | Lair:6   | Killed a great orb of eyes
 15989 | Lair:6   | Reached skill level 18 in Axes
 16461 | Lair:6   | Gained Okrist as an ally
 16466 | Lair:6   | Your ally Okrist died
 16552 | Lair:6   | HP: 22/119 [molten gargoyle/+1 flail of protection (10)]
 16625 | Lair:6   | HP: 26/119 [lava snake/glob of lava (7)]
 17092 | Lair:6   | Found a large runed translucent door.
 17092 | Lair:6   | Found a large runed translucent door.
 17248 | Lair:6   | Noticed a fire dragon
 17255 | Lair:6   | Killed a fire dragon
 17817 | D:11     | Found a flagged portal.
 17836 | D:11     | Reached skill level 13 in Fighting
 17854 | Bailey   | Entered a bailey
 17884 | Bailey   | Identified the +1 shield of Indemnity {rCorr Str+8 Int-2
                  | Slay+2}
 17945 | Bailey   | Gained Arkwar as an ally
 18085 | Bailey   | Found the +3 crown of Dyrovepreva {rElec Int+2 SInv}
 18319 | D:11     | Found Wakhij's Distillery.
 18350 | D:11     | Reached skill level 13 in Invocations
 18456 | D:11     | Reached XP level 14. HP: 119/129 MP: 23/23
 18602 | D:11     | Found Waomp's Jewellery Emporium.
 18642 | D:11     | Found Ecveh's Assorted Antiques.
 18657 | D:11     | Bought a scroll of identify for 62 gold pieces
 18657 | D:11     | Bought a scroll of identify for 62 gold pieces
 18657 | D:11     | Bought a scroll labeled IBLUGR MISM for 31 gold pieces
 18932 | D:12     | Reached ****** piety under Beogh
 19185 | D:12     | HP: 29/129 [very large slime creature (51)]
 19577 | D:12     | Reached skill level 19 in Axes
 19843 | D:12     | Found a staircase to the Orcish Mines.
 20062 | D:12     | Reached skill level 12 in Armour
 21176 | D:13     | Found Iryklyceo's Blood Bar.
 21937 | D:14     | Found a gate to the Vaults.
 21948 | D:14     | Reached skill level 14 in Invocations
 22312 | D:14     | Reached skill level 14 in Fighting
 22856 | D:14     | Reached skill level 20 in Axes
 23141 | Shoals:1 | Entered Level 1 of the Shoals
 23352 | Shoals:1 | Reached XP level 15. HP: 125/138 MP: 25/25
 23357 | Shoals:1 | Noticed Aizul
 23370 | Shoals:1 | HP: 33/138 [poisoned by Aizul (bolt of poison)]
 23372 | Shoals:1 | Killed from afar by Aizul

Levels and vault maps discovered:
D:1:      saegor_arrival_simple_e, layout_basic, hangedman_decor_points
D:2:      layout_loops_ring, first_ration, uniq_jessica
D:3:      layout_rooms, st_stairs_10, minmay_strange_pillars
D:4:      layout_loops_cross, kennysheep_little_box,
          nicolae_dithmenos_the_darkroom, minmay_box_of_dots
D:5:      layout_rooms, lemuel_doored_altar, vehumet_altar_wand_db,
          nicolae_qazlal_eye_of_the_storm, lemuel_coloured_pillars_altar,
          basic_altar, uniq_menkaure
D:6:      layout_basic, minmay_temple_entry_drinking_statues, basic_altar
D:7:      layout_layer_cave, lemuel_round_altar, makhleb_heckhound_becter,
          grunt_livestock, minmay_ruined_shrine, uniq_joseph
D:8:      layout_cave_pods, kennysheep_mini_moat, okawaru_metal_pillars_1_2,
          gammafunk_temple_overflow_forgotten, basic_altar, minivault_22
D:9:      kennysheep_blocky_hall, layout_basic, nicolae_overflow_crystal_walls
D:10:     layout_big_octagon, lair_entry_dummy, serial_shops, shop_statue
D:11:     layout_irregular_city, serial_shops, nicolae_shop_trees,
          nicolae_shop_competitors_out_of_business, shop, enter_bailey_2
D:12:     layout_loops_corners, zombieorc2_lemuel
D:13:     layout_roguey, guppyfry_shop_blood
D:14:     kennysheep_six_static_rooms, layout_irregular_city, erik_vaults_2,
          roderic_lattice_a
Lair:1:   minmay_guarded_unrand_snakebite, layout_long_grid, grunt_megastairs_5,
          lemuel_fruit_fields, lemuel_fruit_fields, uniq_urug, uniq_gastronok,
          uniq_prince_ribbit2
Lair:2:   layout_loops_ring, ebering_ghost_inner_flame
Lair:3:   beast_lair_carwin_large_4, layout_cave_shapes, gauntlet_entry_generic
Lair:4:   layout_big_grid, minmay_shoals_entry_hut, dummy_snake_entry,
          chequers_serial_rivers_large_b, st_stairs_11,
          infiniplex_staircase_pool_2, uniq_rupert
Lair:5:   layout_roguey, lemuel_fruit_fields, infiniplex_staircase_pool,
          lemuel_fruit_fields, lemuel_fruit_tree, uniq_snorg
Lair:6:   cheibrodos_lair_end_hotspot, layout_loops_ring, slime_altar_1,
          special_room [special_room_jelly], grunt_forest_stairs_basic,
          uniq_sonja
Shoals:1: cheibrodos_shoals_roost, layout_shoals,
          nicolae_shoals_kraken_intersection, uniq_nikola, uniq_kirke,
          uniq_aizul

Skill      XL: |  1  2  3  4  5  6  7  8  9 10 11 12 13 14 |
---------------+-------------------------------------------+-----
Armour         | 1 2 3 4 5 6 8 9 10 11 12 | 12.6
Fighting       | 4 5 6 7 8 9 10 11 13 14 | 14.1
Axes           | 5 6 7 8 10 12 13 15 17 18 20 | 20.0
Invocations    | 2 3 5 7 8 10 11 13 14 | 14.2
Dodging        | |  2.4
Stealth        | |  1.5

Action                   |  1- 3 |  4- 6 |  7- 9 | 10-12 | 13-15 || total
-------------------------+-------+-------+-------+-------+-------++-------
Melee: Hand axe          |   139 |    46 |       |       |       ||   185
       Flail             |       |    78 |   171 |    46 |       ||   295
       Battleaxe         |       |       |       |   244 |   435 ||   679
Throw: Javelin           |     9 |    34 |     6 |     9 |     2 ||    60
Invok: Convert to Beogh  |     1 |       |       |       |       ||     1
       Smiting           |       |       |     5 |     9 |     8 ||    22
       Recall Orcish Fol |       |       |     1 |     8 |    10 ||    19
       Give Item to Name |       |       |       |     1 |       ||     1
 Abil: Evoke Flight      |       |       |       |     1 |       ||     1
Evoke: Wand              |       |       |       |     3 |    11 ||    14
  Use: Scroll            |     2 |     5 |     2 |    21 |    11 ||    41
 Stab: Sleeping          |     3 |     1 |     1 |       |       ||     5
       Distracted        |       |       |     5 |     5 |     4 ||    14
  Eat: Chunk             |     3 |     3 |     7 |    15 |    17 ||    45
       Ration            |       |     1 |     2 |     2 |     4 ||     9
Armor: Robe              |     4 |       |       |       |       ||     4
       Ring mail         |    30 |    21 |       |       |       ||    51
       Leather armour    |     1 |       |       |       |       ||     1
       Scale mail        |       |    36 |    96 |     4 |       ||   136
       Chain mail        |       |       |       |   148 |   161 ||   309
       Plate armour      |       |       |       |       |    73 ||    73
Dodge: Dodged            |    63 |    49 |    79 |   103 |   184 ||   478
Block: Other             |    11 |    26 |    40 |    63 |    95 ||   235
       Reflection        |       |       |     3 |     1 |     8 ||    12

Table legend:
 A = Non-vault XP
 B = Vault XP
 C = Vault XP percentage of total XP
 D = Non-vault monster count
 E = Vault monster count
 F = Vault count percentage of total count
                 A         B        C        D         E       F
            +---------+---------+-------+---------+---------+-------
      Total |   54099 |   32585 |  37.6 |     393 |     185 |  32.0
            +---------+---------+-------+---------+---------+-------
        D:1 |      23 |       0 |   0.0 |      12 |       0 |   0.0
        D:2 |      68 |      37 |  35.2 |      27 |       1 |   3.6
        D:3 |     151 |      15 |   9.0 |      20 |       2 |   9.1
        D:4 |     299 |       5 |   1.6 |      12 |       1 |   7.7
        D:5 |     387 |     171 |  30.6 |      10 |       2 |  16.7
        D:6 |     500 |       0 |   0.0 |      16 |       0 |   0.0
        D:7 |    1000 |    1516 |  60.3 |      29 |      14 |  32.6
        D:8 |     432 |       0 |   0.0 |       8 |       0 |   0.0
        D:9 |    1834 |     154 |   7.7 |      22 |       3 |  12.0
       D:10 |     624 |       0 |   0.0 |      15 |       0 |   0.0
       D:11 |    5052 |       0 |   0.0 |      44 |       0 |   0.0
       D:12 |    7197 |     955 |  11.7 |      26 |      36 |  58.1
       D:13 |    6295 |     223 |   3.4 |      22 |       3 |  12.0
       D:14 |    6546 |    6765 |  50.8 |      19 |      14 |  42.4
     Lair:1 |    2614 |    4615 |  63.8 |      14 |      19 |  57.6
     Lair:2 |    2006 |       0 |   0.0 |      10 |       0 |   0.0
     Lair:3 |    3879 |    2138 |  35.5 |      19 |      15 |  44.1
     Lair:4 |    5185 |    2134 |  29.2 |      32 |       3 |   8.6
     Lair:5 |    5935 |     584 |   9.0 |      23 |       1 |   4.2
     Lair:6 |    2439 |   12894 |  84.1 |       9 |      50 |  84.7
   Shoals:1 |    1633 |       0 |   0.0 |       4 |       0 |   0.0
     Bailey |       0 |     379 | 100.0 |       0 |      21 | 100.0
            +---------+---------+-------+---------+---------+-------

Levels and vault maps discovered:
D:1:      saegor_arrival_simple_e, layout_basic, hangedman_decor_points
D:2:      layout_loops_ring, first_ration, uniq_jessica
D:3:      layout_rooms, st_stairs_10, minmay_strange_pillars
D:4:      layout_loops_cross, kennysheep_little_box,
          nicolae_dithmenos_the_darkroom, minmay_box_of_dots
D:5:      layout_rooms, lemuel_doored_altar, vehumet_altar_wand_db,
          nicolae_qazlal_eye_of_the_storm, lemuel_coloured_pillars_altar,
          basic_altar, uniq_menkaure
D:6:      layout_basic, minmay_temple_entry_drinking_statues, basic_altar
D:7:      layout_layer_cave, lemuel_round_altar, makhleb_heckhound_becter,
          grunt_livestock, minmay_ruined_shrine, uniq_joseph
D:8:      layout_cave_pods, kennysheep_mini_moat, okawaru_metal_pillars_1_2,
          gammafunk_temple_overflow_forgotten, basic_altar, minivault_22
D:9:      kennysheep_blocky_hall, layout_basic, nicolae_overflow_crystal_walls
D:10:     layout_big_octagon, lair_entry_dummy, serial_shops, shop_statue
D:11:     layout_irregular_city, serial_shops, nicolae_shop_trees,
          nicolae_shop_competitors_out_of_business, shop, enter_bailey_2
D:12:     layout_loops_corners, zombieorc2_lemuel
D:13:     layout_roguey, guppyfry_shop_blood
D:14:     kennysheep_six_static_rooms, layout_irregular_city, erik_vaults_2,
          roderic_lattice_a
Lair:1:   minmay_guarded_unrand_snakebite, layout_long_grid, grunt_megastairs_5,
          lemuel_fruit_fields, lemuel_fruit_fields, uniq_urug, uniq_gastronok,
          uniq_prince_ribbit2
Lair:2:   layout_loops_ring, ebering_ghost_inner_flame
Lair:3:   beast_lair_carwin_large_4, layout_cave_shapes, gauntlet_entry_generic
Lair:4:   layout_big_grid, minmay_shoals_entry_hut, dummy_snake_entry,
          chequers_serial_rivers_large_b, st_stairs_11,
          infiniplex_staircase_pool_2, uniq_rupert
Lair:5:   layout_roguey, lemuel_fruit_fields, infiniplex_staircase_pool,
          lemuel_fruit_fields, lemuel_fruit_tree, uniq_snorg
Lair:6:   cheibrodos_lair_end_hotspot, layout_loops_ring, slime_altar_1,
          special_room [special_room_jelly], grunt_forest_stairs_basic,
          uniq_sonja
Shoals:1: cheibrodos_shoals_roost, layout_shoals,
          nicolae_shoals_kraken_intersection, uniq_nikola, uniq_kirke,
          uniq_aizul

Table legend:
 A = Turns spent in this place as a percentage of turns spent in the entire game.
 B = Non-inter-level travel turns spent in this place as a percentage of non-inter-level travel turns spent in the entire game.
 C = Inter-level travel turns spent in this place as a percentage of turns spent in this place.
 D = Turns resting spent in this place as a percentage of non-inter-level travel turns spent in this place.
 E = Turns spent auto-exploring this place as a percentage of non-inter-level travel turns spent in this place.
 F = Non-inter-level travel turns spent in this place divided by the number of levels of this place that you've seen.
                   A       B       C       D       E      F
               +-------+-------+-------+-------+-------+----------------------
         Total | 100.0 | 100.0 |   5.5 |  31.5 |  47.1 | 1004.2
       Dungeon |  61.6 |  61.4 |   5.7 |  27.3 |  53.6 | 969.0
          Lair |  35.6 |  35.6 |   5.4 |  38.6 |  38.4 | 1311.3
        Shoals |   0.9 |   1.0 |   0.5 |  52.3 |  17.4 | 218.0
        Bailey |   1.9 |   2.0 |   0.0 |  21.4 |  19.3 | 440.0
               +-------+-------+-------+-------+-------+----------------------

Table legend:
 A = Kills in this place as a percentage of kills in entire the game.
 B = Kills by you in this place as a percentage of kills by you in the entire game.
 C = Kills by friends in this place as a percentage of kills by friends in the entire game.
 D = Other kills in this place as a percentage of other kills in the entire game.
 E = Experience gained in this place as a percentage of experience gained in the entire game.
 F = Experience gained in this place divided by the number of levels of this place that you have seen.
                   A       B       C       D       E      F
               +-------+-------+-------+-------+-------+----------------------
         Total | 100.0 | 100.0 | 100.0 | 100.0 | 100.0 | 3940.2
       Dungeon |  61.9 |  69.9 |  52.1 | 100.0 |  46.4 | 2874.9
          Lair |  33.7 |  22.8 |  47.1 |   0.0 |  51.2 | 7403.8
        Shoals |   0.7 |   1.3 |   0.0 |   0.0 |   1.9 | 1633.0
        Bailey |   3.6 |   6.0 |   0.8 |   0.0 |   0.4 | 379.0
               +-------+-------+-------+-------+-------+----------------------
